 Dungeon Crawl Stone Soup version 0.28.0-53-g5a82cb258f (webtiles) character file.

Game seed: 844909141280427965

8 gobodom the Stinger (level 2, 0/19 HPs)
             Began as a Formicid Venom Mage on June 20, 2022.
             Slain by an adder (4 damage)
             ... on level 2 of the Dungeon.
             The game lasted 00:02:48 (886 turns).

gobodom the Stinger (Formicid Venom Mage)            Turns: 886, Time: 00:02:48

Health: 0/19       AC:  2    Str: 12    XL:     2   Next: 15%
Magic:  1/5        EV: 12    Int: 14    God:
Gold:   28         SH:  0    Dex: 11    Spells: 5/6 levels left

rFire   . . .      SeeInvis +   (no weapon)
rCold   . . .      Faith    .   (no shield)
rNeg    . . .      Spirit   .   a - +0 robe
rPois   .          Reflect  .   (helmet unavailable)
rElec   .          Harm     .   (no cloak)
rCorr   .          Rampage  .   (no gloves)
Will    .....                   (no boots)
Stlth   ++........              (no amulet)
HPRegen 0.06/turn               (no ring)
MPRegen 0.09/turn               (no ring)

@: lethally poisoned (0 -> -3)
A: permanent stasis, dig shafts and tunnels, antennae 3, four strong arms
a: Dig, Shaft Self


You were on level 2 of the Dungeon.
You visited 1 branch of the dungeon, and saw 2 of its levels.

You collected 28 gold pieces.

Inventory:

Armour
 a - a +0 robe (worn)
Scrolls
 b - a scroll of noise {unknown}
 d - a scroll of amnesia {unknown}
 f - a scroll of enchant armour {unknown}
 g - a scroll of teleportation {unknown}
 h - a scroll of vulnerability {unknown}
Potions
 c - a potion of flight {unknown}
 e - 2 potions of heal wounds {unknown}


   Skills:
 + Level 2.0 Dodging
 + Level 2.4 Stealth
 + Level 0.2 Unarmed Combat
 + Level 2.5 Spellcasting
 + Level 1.1 Transmutations
 + Level 4.2 Poison Magic


You had 5 spell levels left.
You knew the following spells:

 Your Spells              Type           Power      Damage    Failure   Level
a - Sting                 Tmut/Pois      36%        1d4       8%          1

Your spell library contained the following spells:

 Spells                   Type           Power      Damage    Failure   Level
 Poisonous Vapours        Pois/Air       14%        N/A       14%         2
 Animate Skeleton         Necr           2%         N/A       22%         1
 Apportation              Tloc           2%         N/A       22%         1
 Summon Small Mammal      Summ           4%         N/A       22%         1
 Mephitic Cloud           Conj/Pois/Air  5%         N/A       36%         3
 Olgreb's Toxic Radiance  Pois           13%        N/A       36%         4


Dungeon Overview and Level Annotations

Branches:
Dungeon (2/15)

Altars:


Innate Abilities, Weirdness & Mutations

You cannot be hasted, slowed, berserked, paralysed or teleported.
You can dig through walls and to a lower floor.
You have a pair of large antennae on your head. (SInv)
Your four strong arms can wield two-handed weapons with a shield.


Message History

The adder is moderately wounded.
The adder misses you.
You hit the adder.
The adder is moderately wounded.
The adder bites you.
You hit the adder.
The adder is heavily wounded.
The adder barely misses you. x2
You miss the adder.
The adder is heavily wounded.
The adder bites you but does no damage.
You barely miss the adder.
The adder is heavily wounded.
The adder bites you.
You miss the adder.
The adder is heavily wounded.
The adder closely misses you.
You completely miss the adder.
The adder is heavily wounded.
The adder barely misses you. x2
You hit the adder.
The adder is heavily wounded.
The adder completely misses you.
You hit the adder.
The adder is severely wounded.
The adder barely misses you.
You completely miss the adder.
The adder is severely wounded.
The adder bites you.
You are poisoned.
The adder poisons you! The adder closely misses you.
You barely miss the adder.
The adder is severely wounded.
You feel sick. The adder bites you.
You feel sick.
* * * LOW HITPOINT WARNING * * *
You feel sick.
* * * LOW HITPOINT WARNING * * *
You feel sick. The adder bites you.
You die...

### ## ########.#
#. .........# ##.#
########.# ... #.#
#.. #.#
#..#########.#
#.#.#..#.lS@.....#
.......g.#########
..#.####.# #.# #.#
#.# #.# { #.# #.#


You could see an adder, a hobgoblin and a frilled lizard.

Vanquished Creatures
  2 endoplasms (D:1)
  2 goblins
  A ball python (D:1)
  A bat (D:1)
  A frilled lizard (D:1)
  A kobold (D:1)
  A rat (D:1)
9 creatures vanquished.

Notes
Turn   | Place    | Note
-------+----------+-------------------------------------------
     0 | D:1      | gobodom the Formicid Venom Mage began the quest for the
                  | Orb.
     0 | D:1      | Reached XP level 1. HP: 13/13 MP: 3/3
   449 | D:1      | Reached XP level 2. HP: 19/19 MP: 3/5
   886 | D:2      | Slain by an adder

Illustrated notes

Levels and vault maps discovered:
D:1:      roderic_chinese_lattice_arrival, layout_basic, serial_corexii_hall,
          chequers_hall_statues_wall_a, chequers_hall_statues_corner_a
D:2:      cheibrodos_old_hovel, layout_basic

Skill      XL: |  1  2 |
---------------+-------+-----
Dodging        | 2 |  2.0
Stealth        | |  2.4
Unarmed Combat | |  0.2
Spellcasting   | |  2.5
Transmutations | |  1.1
Poison Magic   | |  4.2

Action                   || total
-------------------------++-------
Melee: Unarmed           ||    18
 Cast: Sting             ||    21
Armor: Robe              ||     2
Dodge: Dodged            ||    17
